[Event "Titled Tuesday Blitz November 29 Late 2022"]
[White "Dylag, Emilia"]
[Black "Souleidis, Georgios"]
[WhiteFideId "21805172"]
[BlackFideId "4206827"]
[WhiteElo "1878"]
[BlackElo "2401"]
[Result "0-1"]
[Round "08"]
[TimeControl "180+1"]
[Date "2022.11.30"]
[WhiteClock "0:00:41"]
[BlackClock "0:00:39"]

1. d4 Nf6 2. c4 g6 3. g3 Bg7 4. Bg2 O-O 5. Nf3 d6 6. Nc3 Nc6 7. O-O e5 8. d5 Nb8 9. c5 Na6 10. cxd6 cxd6 11. b3 Ne8 12. Ba3 f5 13. Rc1 Bd7 14. h4 h6 15. e4 f4 16. Qd3 g5 17. hxg5 hxg5 18. gxf4 Rxf4 19. Nh2 Rc8 20. Ne2 Rf7 21. Ng3 Rxc1 22. Bxc1 Nc5 23. Qe3 g4 24. b4 Na6 25. a3 b6 26. Qg5 Qxg5 27. Bxg5 Nac7 28. Rc1 Nb5 29. Ne2 Nxa3 30. Ra1 Nb5 31. Rxa7 Nxa7 0-1


[Site "https://www.chess.com"]

[Event "Titled Tuesday Blitz November 29 Late 2022"]
[White "Dzierzak, Radoslaw"]
[Black "Figorito, Nick"]
[WhiteFideId "1161407"]
[BlackFideId "30923689"]
[WhiteElo "2111"]
[BlackElo "2331"]
[Result "1-0"]
[Round "08"]
[TimeControl "180+1"]
[Date "2022.11.30"]
[WhiteClock "0:00:05"]
[BlackClock "0:00:01"]

1. e4 e6 2. Nf3 d5 3. Nc3 d4 4. Ne2 c5 5. c3 Nf6 6. e5 Nfd7 7. cxd4 cxd4 8. Nexd4 Nxe5 9. Bb5+ Nec6 10. O-O Be7 11. b3 O-O 12. Nc2 e5 13. Bb2 Bf6 14. d4 exd4 15. Ncxd4 Nxd4 16. Bxd4 a6 17. Bc4 Nc6 18. Bxf6 Qxf6 19. Qd5 Be6 20. Qc5 Rac8 21. Bxe6 Qxe6 22. Rfe1 Qf6 23. Qb6 Rb8 24. Rad1 h6 25. h3 Qb2 26. Rd2 Qa3 27. Red1 Qb4 28. Qxb4 Nxb4 29. a3 Nc6 30. Kf1 Rfd8 31. b4 Kf8 32. Rxd8+ Rxd8 33. Rxd8+ Nxd8 34. Ke2 Nc6 35. Kd3 Ke7 36. Kc4 Kd6 37. a4 f5 38. b5 axb5+ 39. Kxb5 Kc7 40. a5 g5 41. g4 fxg4 42. hxg4 Kc8 43. Kb6 Nb4 44. Nd4 Nd3 45. f3 Ne5 46. Nf5 Nxf3 47. Nd6+ Kd7 48. Nxb7 Ne5 49. a6 Nc4+ 50. Kb5 Kc7 51. Kxc4 1-0


[Site "https://www.chess.com"]

[Event "Titled Tuesday Blitz November 29 Late 2022"]
[White "Fareh, Youness"]
[Black "Torres Dominguez, David"]
[WhiteFideId "9000526"]
[BlackFideId "2220857"]
[WhiteElo "1839"]
[BlackElo "2037"]
[Result "0-1"]
[Round "08"]
[TimeControl "180+1"]
[Date "2022.11.30"]
[WhiteClock "0:00:33"]
[BlackClock "0:00:14"]

1. Nf3 d5 2. c4 e6 3. g3 Nf6 4. Bg2 c6 5. O-O Be7 6. d4 O-O 7. b3 Nbd7 8. Bb2 b6 9. Nbd2 Bb7 10. Ne5 Nxe5 11. dxe5 Nd7 12. cxd5 cxd5 13. e4 dxe4 14. Nxe4 Rb8 15. Rc1 Nc5 16. Qe2 Nxe4 17. Bxe4 Bc5 18. Rcd1 Qe7 19. Kg2 Bxe4+ 20. Qxe4 Rfd8 21. h4 h6 22. f4 Rxd1 23. Rxd1 g6 24. Qd3 Qb7+ 25. Kh2 Be7 26. Qd7 Kf8 27. Qxb7 Rxb7 28. Kg2 Ke8 29. Kf2 h5 30. Kf3 Rd7 31. Rxd7 Kxd7 32. Ke4 Kc6 33. a4 a6 34. Bc3 b5 35. Kd4 Bc5+ 36. Ke4 Bf2 37. Kf3 Bc5 38. Ke4 bxa4 39. bxa4 Bb6 40. Bb4 Bc5 41. Bc3 Ba7 42. Bb4 Bg1 43. a5 Bc5 44. Be1 Kb5 45. Kd3 Bb4 46. Bf2 Bxa5 47. Kc2 Bb6 48. Be1 Bd4 49. Kb3 a5 50. Ka3 a4 51. Ka2 Bc5 52. Kb2 Kc4 53. Kc2 a3 54. Kb1 Kb3 55. Ka1 Bd4+ 56. Kb1 a2+ 0-1


[Site "https://www.chess.com"]

[Event "Titled Tuesday Blitz November 29 Late 2022"]
[White "Fedoseev, Vladimir"]
[Black "Wirig, Anthony"]
[WhiteFideId "24130737"]
[BlackFideId "615013"]
[WhiteElo "2726"]
[BlackElo "2487"]
[Result "1-0"]
[Round "08"]
[TimeControl "180+1"]
[Date "2022.11.30"]
[WhiteClock "0:00:51"]
[BlackClock "0:00:02"]

1. e4 c5 2. Nf3 e6 3. d4 cxd4 4. Nxd4 Nf6 5. Nc3 Nc6 6. a3 d6 7. Be3 Be7 8. f3 d5 9. Bb5 Bd7 10. exd5 exd5 11. O-O O-O 12. Re1 Re8 13. Bf2 a6 14. Bf1 Bc5 15. Rxe8+ Qxe8 16. Qd2 Nxd4 17. Bxd4 Qf8 18. Rd1 Re8 19. Ne2 Bb5 20. Bxc5 Qxc5+ 21. Nd4 Bxf1 22. Kxf1 h6 23. Qb4 Qc7 24. g3 g6 25. a4 Kg7 26. Kf2 h5 27. h4 Qd7 28. Kg2 Qc7 29. Qd2 Qe5 30. a5 Nh7 31. Kf2 Nf6 32. Re1 Qxe1+ 33. Qxe1 Rxe1 34. Kxe1 Kf8 35. Kd2 Ke7 36. Ke3 Nd7 37. Kf4 f6 38. g4 hxg4 39. fxg4 Kf7 40. h5 Ne5 41. b3 Nd7 42. hxg6+ Kxg6 43. Nf5 b6 44. Ne7+ Kf7 45. Nxd5 bxa5 46. Kf5 a4 47. bxa4 a5 48. c4 Nc5 49. Nc3 Nb7 50. Ke4 Ke6 51. Kd4 Kd6 52. Ne4+ Ke6 53. Nc5+ 1-0


[Site "https://www.chess.com"]

[Event "Titled Tuesday Blitz November 29 Late 2022"]
[White "Fernandez Guillen, Ernesto J."]
[Black "Ilkhomi, Jaloliddin"]
[WhiteFideId "3512428"]
[BlackFideId "14700948"]
[WhiteElo "2450"]
[BlackElo "2045"]
[Result "1-0"]
[Round "08"]
[TimeControl "180+1"]
[Date "2022.11.30"]
[WhiteClock "0:00:28"]
[BlackClock "0:00:04"]

1. e4 e6 2. Nf3 d5 3. Nc3 Nf6 4. e5 Nfd7 5. d4 c5 6. Ne2 Nc6 7. c3 cxd4 8. cxd4 Bb4+ 9. Bd2 Qa5 10. a3 Bxd2+ 11. Qxd2 Qxd2+ 12. Kxd2 Nb6 13. b3 f6 14. Nf4 g5 15. Nh5 g4 16. Nxf6+ Ke7 17. Nxg4 h5 18. Nf6 Nd7 19. Nxd7 Bxd7 20. Bb5 Rhg8 21. Bxc6 Bxc6 22. Rhg1 Rac8 23. Rac1 Rg4 24. b4 Rf8 25. h3 Rg7 26. Ke3 a5 27. b5 Bxb5 28. Rc7+ Bd7 29. Rb1 b5 30. Rxb5 Rxg2 31. Rbb7 Rd8 32. Nh4 Rg7 33. f4 Ke8 34. f5 exf5 35. e6 Re7 36. Rb6 Rxe6+ 37. Rxe6+ Bxe6 38. Kf4 Rb8 39. Ng6 Kd8 40. Rh7 Rb3 41. Ke5 Bd7 42. Nf4 Rxa3 43. Kd6 Be8 44. Ne6+ Kc8 45. Rh8 Rxh3 46. Rxe8+ Kb7 47. Nc5+ Ka7 48. Kc6 Rh4 49. Re7+ Ka8 50. Kb6 Re4 51. Nxe4 1-0


[Site "https://www.chess.com"]

[Event "Titled Tuesday Blitz November 29 Late 2022"]
[White "Ferreira, Vitor Hugo Vieira"]
[Black "Shapiro, Daniel"]
[WhiteFideId "2119765"]
[BlackFideId "2001780"]
[WhiteElo "2168"]
[BlackElo "2337"]
[Result "1-0"]
[Round "08"]
[TimeControl "180+1"]
[Date "2022.11.30"]
[WhiteClock "0:01:01"]
[BlackClock "0:00:03"]

1. e4 c5 2. Nf3 e6 3. d4 cxd4 4. Nxd4 a6 5. c4 Nf6 6. Nc3 Qc7 7. Be2 Bb4 8. Nc2 Bxc3+ 9. bxc3 Nxe4 10. Qd4 Nf6 11. Ba3 d5 12. O-O Nc6 13. Qh4 Qe5 14. Rfe1 Qxc3 15. cxd5 Nxd5 16. Rad1 Qf6 17. Qg3 Nce7 18. Bf3 Nf4 19. Ne3 Nfg6 20. Ng4 Qg5 21. Re5 Nxe5 22. Nxe5 Qxg3 23. fxg3 f6 24. Nc4 Nf5 25. Nb6 Rb8 26. g4 e5 27. gxf5 Bxf5 28. Nc4 1-0


[Site "https://www.chess.com"]

[Event "Titled Tuesday Blitz November 29 Late 2022"]
[White "Foerster-Yialamas, Lucas"]
[Black "Santos Flores, Alberto"]
[WhiteFideId "30901774"]
[BlackFideId "3601234"]
[WhiteElo "2067"]
[BlackElo "2235"]
[Result "0-1"]
[Round "08"]
[TimeControl "180+1"]
[Date "2022.11.30"]
[WhiteClock "0:00:01"]
[BlackClock "0:00:52"]

1. e4 c5 2. c4 Nc6 3. Nc3 g6 4. g3 Bg7 5. Bg2 e6 6. Nge2 Nge7 7. d3 O-O 8. Be3 Nd4 9. Qd2 b6 10. h4 Bb7 11. Bh6 Nc2+ 12. Qxc2 Bxh6 13. h5 Bg7 14. hxg6 hxg6 15. f4 d5 16. exd5 exd5 17. O-O-O Qd7 18. Nxd5 Nxd5 19. Bxd5 Bxd5 20. cxd5 Qxd5 21. Nc3 Qf3 22. Qh2 Rfe8 23. Ne4 c4 24. Qh7+ Kf8 25. Nd6 Red8 26. Nxc4 Rxd3 27. Qh3 Rad8 28. Rxd3 Qxd3 29. Qf1 Qxf1+ 30. Rxf1 Rc8 31. b3 b5 32. Rd1 bxc4 33. bxc4 Rxc4+ 34. Kb1 Rc3 35. Rd7 Rxg3 36. Rxa7 Rf3 37. Ra4 Bh6 38. Ra8+ Kg7 39. a4 Rxf4 40. a5 Ra4 41. a6 Be3 42. Kc2 g5 43. Kd3 Bf4 0-1


[Site "https://www.chess.com"]

[Event "Titled Tuesday Blitz November 29 Late 2022"]
[White "Freile Martin, Javier"]
[Black "Bazzano, Sebastian"]
[WhiteFideId "3600165"]
[BlackFideId "104566"]
[WhiteElo "2322"]
[BlackElo "2191"]
[Result "1-0"]
[Round "08"]
[TimeControl "180+1"]
[Date "2022.11.30"]
[WhiteClock "0:01:44"]
[BlackClock "0:00:01"]

1. d4 Nf6 2. c4 c5 3. d5 e6 4. Nc3 exd5 5. cxd5 d6 6. Nf3 g6 7. g3 Bg7 8. Bg2 O-O 9. O-O a6 10. a3 b5 11. b4 Nbd7 12. bxc5 Nxc5 13. Nd4 Bd7 14. Bf4 Qe7 15. Nc6 Bxc6 16. dxc6 Rad8 17. Rc1 d5 18. c7 Rd7 19. Bh3 d4 20. Bxd7 Nfxd7 21. Nd5 Qe6 22. Nb4 Qb6 23. Qc2 1-0


[Site "https://www.chess.com"]

[Event "Titled Tuesday Blitz November 29 Late 2022"]
[White "Gasparyan, David"]
[Black "Kleiman, Jake"]
[WhiteFideId "13311980"]
[BlackFideId "2020041"]
[WhiteElo "2377"]
[BlackElo "2618"]
[Result "0-1"]
[Round "08"]
[TimeControl "180+1"]
[Date "2022.11.30"]
[WhiteClock "0:00:10"]
[BlackClock "0:00:14"]

1. e3 d5 2. d4 e6 3. Bd3 Nf6 4. c3 b6 5. f4 Be7 6. Nf3 O-O 7. O-O Ba6 8. Bxa6 Nxa6 9. Qd3 Nb8 10. Nbd2 c5 11. Ne5 Qc7 12. Ndf3 Nfd7 13. f5 Nc6 14. Nxd7 Qxd7 15. g4 Bd6 16. Bd2 e5 17. dxe5 Nxe5 18. Qxd5 Nxg4 19. Kh1 Nf6 20. Qc4 Qxf5 21. Qh4 Qe4 22. Qg5 Rae8 23. Qg2 g6 24. Rg1 Re7 25. Raf1 Nh5 26. Be1 Be5 27. Bh4 Re6 28. Bg5 Bg7 29. Qh3 Rd6 30. Rg4 Qe6 31. e4 Rd3 32. Qg2 Nf6 33. Bxf6 Bxf6 34. e5 Bg7 35. Re4 h6 36. Qe2 Rfd8 37. Re1 b5 38. Rf4 a6 39. Qe4 Kh7 40. Rf1 R8d7 41. Rh4 Qd5 42. Ng5+ Kg8 43. Qxd5 R3xd5 44. e6 fxe6 45. Nxe6 Rf7 46. Re1 Re7 47. Rhe4 Bf6 48. Nf4 Rxe4 49. Rxe4 Rd2 50. Re2 Rxe2 51. Nxe2 Kf7 52. Kg2 Ke6 53. Nf4+ Kf5 54. Nd5 Bd8 55. Kf3 g5 56. Ne3+ Ke5 57. Ng4+ Kd5 58. Nxh6 Kc4 59. Nf7 Bf6 60. Nd6+ Kd3 61. Ne4 Be7 62. h3 c4 63. Nf2+ Kc2 64. Kg4 Kxb2 65. Ne4 Kxa2 66. Nxg5 b4 67. Ne4 b3 68. h4 b2 69. Nd2 Bxh4 70. Kxh4 b1=Q 71. Nxb1 Kxb1 72. Kg4 Kc2 73. Kf4 Kxc3 74. Ke4 a5 75. Ke3 a4 76. Ke4 a3 0-1


[Site "https://www.chess.com"]

[Event "Titled Tuesday Blitz November 29 Late 2022"]
[White "Gerbelli Neto, Eduardo"]
[Black "Szyszylo, Rafal"]
[WhiteFideId "2103281"]
[BlackFideId "1109626"]
[WhiteElo "2178"]
[BlackElo "1981"]
[Result "1-0"]
[Round "08"]
[TimeControl "180+1"]
[Date "2022.11.30"]
[WhiteClock "0:00:14"]
[BlackClock "0:00:09"]

1. e4 d6 2. Nc3 Nf6 3. f4 g6 4. Nf3 Bg7 5. Bc4 O-O 6. d3 c6 7. Bb3 a5 8. O-O Na6 9. a3 Nc5 10. Ba2 d5 11. e5 Ng4 12. Qe1 h5 13. d4 Na6 14. Ne2 c5 15. c3 cxd4 16. Nexd4 e6 17. h3 Nh6 18. Be3 Bd7 19. Qf2 Qe7 20. Rfe1 Rfc8 21. Rad1 Nc5 22. Ng5 a4 23. Qf3 b6 24. Bb1 Rc7 25. g4 hxg4 26. hxg4 Bc8 27. Qh3 Bb7 28. f5 exf5 29. gxf5 Nxf5 30. Bxf5 gxf5 31. Qh7+ Kf8 32. Nxf5 Ne6 33. Nxe7 Rxe7 34. Qf5 Nxg5 35. Bxg5 Re6 36. Bf6 Rae8 37. Bxg7+ Kxg7 38. Kf2 Rg6 39. Rg1 Bc8 40. Qf6+ Kg8 41. Rxg6+ fxg6 42. Qxg6+ Kf8 43. Qf6+ Kg8 44. Rg1+ Kh7 45. Qh4# 1-0


[Site "https://www.chess.com"]

[Event "Titled Tuesday Blitz November 29 Late 2022"]
[White "Girsh, Daniel"]
[Black "Rorrer, Grayson"]
[WhiteFideId "30949190"]
[BlackFideId "30944996"]
[WhiteElo "2075"]
[BlackElo "2130"]
[Result "0-1"]
[Round "08"]
[TimeControl "180+1"]
[Date "2022.11.30"]
[WhiteClock "0:00:01"]
[BlackClock "0:00:18"]

1. e4 c5 2. Nf3 d6 3. Bb5+ Nd7 4. a4 Nf6 5. Nc3 g6 6. O-O a6 7. Be2 Bg7 8. d3 O-O 9. a5 b5 10. axb6 Bb7 11. Qd2 Qxb6 12. Qf4 a5 13. Qh4 Bc6 14. Nd2 Qc7 15. Nc4 d5 16. exd5 Nxd5 17. Nxd5 Bxd5 18. Bf4 e5 19. Bg5 a4 20. Ne3 Bc6 21. Ng4 f5 22. Ne3 Nb6 23. Nc4 Nd5 24. Bf3 Rfe8 25. Rfe1 Nb4 26. Bxc6 Qxc6 27. Rac1 Qe6 28. Bd2 e4 29. Bc3 Bxc3 30. bxc3 Na2 31. Ra1 Nxc3 32. Qg3 Qf6 33. h4 Ne2+ 34. Rxe2 Qxa1+ 35. Kh2 Qf6 36. dxe4 fxe4 37. Nd6 Re6 38. Nxe4 Qe7 39. f3 Kh8 40. Qf4 a3 41. c4 a2 42. Re1 Qg7 43. Qc1 a1=Q 44. Qb1 Qxb1 45. Rxb1 Qe5+ 46. Kh3 Rf8 0-1


[Site "https://www.chess.com"]

[Event "Titled Tuesday Blitz November 29 Late 2022"]
[White "Gonzalez, Francisco Silva"]
[Black "Tomaszewski, Kacper"]
[WhiteFideId "1512285"]
[BlackFideId "1127373"]
[WhiteElo "2159"]
[BlackElo "2211"]
[Result "1-0"]
[Round "08"]
[TimeControl "180+1"]
[Date "2022.11.30"]
[WhiteClock "0:00:39"]
[BlackClock "0:00:06"]

1. d4 d6 2. e4 Nf6 3. f3 e5 4. d5 Be7 5. c4 O-O 6. Be3 c5 7. Nc3 Nh5 8. Qd2 h6 9. Bd3 Bg5 10. O-O-O Bxe3 11. Qxe3 a6 12. Nge2 b5 13. cxb5 Nd7 14. a4 axb5 15. Bxb5 Nb6 16. b3 Ba6 17. Qd3 Bxb5 18. Qxb5 c4 19. b4 Qg5+ 20. Kc2 Rfb8 21. Qc6 Qe3 22. g4 Nf6 23. a5 Nbd7 24. Qxc4 Qxf3 25. h3 Rc8 26. Qd3 Qxe4 27. Qxe4 Nxe4 28. Rhf1 Ndf6 29. Kd3 Nxc3 30. Nxc3 e4+ 31. Kd4 Rab8 32. Rb1 Nd7 33. Nxe4 Rc2 34. Nxd6 f6 35. Rfe1 Ne5 36. Rxe5 fxe5+ 37. Kxe5 Rf8 38. a6 Re2+ 39. Kd4 Rf4+ 40. Kc5 Rc2+ 41. Kb5 Ra2 42. Rc1 Kf8 43. Rc8+ Ke7 44. Nf5+ Kd7 45. Rc6 Rb2 46. Rc4 Rxc4 47. Kxc4 Kc7 48. Nxg7 Kb6 49. Nf5 h5 50. gxh5 Rh2 51. h4 Rf2 52. Nd4 Rf4 53. d6 Rxh4 54. d7 Kc7 55. a7 1-0


[Site "https://www.chess.com"]

[Event "Titled Tuesday Blitz November 29 Late 2022"]
[White "Graif, William"]
[Black "Coelho, Ramyres Santana"]
[WhiteFideId "2609835"]
[BlackFideId "2120690"]
[WhiteElo "2205"]
[BlackElo "1888"]
[Result "1-0"]
[Round "08"]
[TimeControl "180+1"]
[Date "2022.11.30"]
[WhiteClock "0:00:17"]
[BlackClock "0:00:32"]

1. e4 c5 2. Nc3 e6 3. Nge2 d5 4. exd5 exd5 5. d4 Nf6 6. g3 Be7 7. Bg2 O-O 8. O-O c4 9. Bg5 Be6 10. Nf4 h6 11. Bxf6 Bxf6 12. Ncxd5 Bxd5 13. Nxd5 Nc6 14. c3 Re8 15. Qf3 Qd6 16. Nxf6+ Qxf6 17. Qxf6 gxf6 18. Rfe1 Na5 19. Kf1 Kf8 20. Bd5 Rxe1+ 21. Rxe1 Re8 22. Rxe8+ Kxe8 23. b4 cxb3 24. axb3 Ke7 25. b4 Kd6 26. Bf3 Nc4 27. Bxb7 f5 28. Ke2 Nb6 29. Kd3 h5 30. c4 Nd7 31. c5+ Kc7 32. Bf3 Nf6 33. d5 Kd7 34. h4 Kc7 35. Kd4 Nd7 36. Bxh5 Nb8 37. Bxf7 Na6 38. Kc4 Nb8 39. h5 Nd7 40. Kd4 Nf6 41. h6 Kd7 42. Bg6 f4 43. gxf4 Ke7 44. h7 Nxh7 45. Bxh7 a5 46. Be4 axb4 47. Kc4 b3 48. Kxb3 Kd8 49. Kc4 Kc7 50. d6+ Kd8 51. c6 Kc8 52. Bf5+ Kb8 53. c7+ Ka7 54. c8=Q Kb6 55. Qc5+ Ka6 56. Qb5+ Ka7 57. Bg4 Ka8 58. Bf3+ Ka7 59. Qb7# 1-0


[Site "https://www.chess.com"]

[Event "Titled Tuesday Blitz November 29 Late 2022"]
[White "Gubajdullin, Alexei"]
[Black "Tirelli, Mauro"]
[WhiteFideId "4141202"]
[BlackFideId "845353"]
[WhiteElo "2230"]
[BlackElo "2166"]
[Result "1-0"]
[Round "08"]
[TimeControl "180+1"]
[Date "2022.11.30"]
[WhiteClock "0:01:51"]
[BlackClock "0:00:40"]

1. Nf3 c5 2. g3 Nc6 3. Bg2 g6 4. O-O Bg7 5. c3 d5 6. d4 Nf6 7. dxc5 a5 8. Na3 O-O 9. Be3 Ng4 10. Bg5 h6 11. Bd2 e5 12. Nb5 Qe7 13. Nd6 Be6 14. e4 b6 15. exd5 Bxd5 16. c4 Be6 17. Nh4 Qd7 18. Qa4 e4 19. Bxe4 Nge5 20. f4 f5 21. Bd5 Ng4 22. Qxc6 Bd4+ 23. Kg2 Bxc5 24. Qxd7 1-0


[Site "https://www.chess.com"]

[Event "Titled Tuesday Blitz November 29 Late 2022"]
[White "Hambleton, Aman"]
[Black "Poliakova, Varvara"]
[WhiteFideId "2606577"]
[BlackFideId "13518313"]
[WhiteElo "2538"]
[BlackElo "2099"]
[Result "0-1"]
[Round "08"]
[TimeControl "180+1"]
[Date "2022.11.30"]
[WhiteClock "0:00:01"]
[BlackClock "0:01:24"]

1. d4 f5 2. c4 d6 3. Nf3 Nf6 4. Nc3 g6 5. Bg5 Bg7 6. Qc2 O-O 7. O-O-O Nc6 8. e3 a5 9. a3 Kh8 10. h4 h6 11. Nd5 Ng4 12. Bf4 e6 13. Nc3 Qe7 14. Nh2 e5 15. dxe5 dxe5 16. Bg3 Nxh2 17. Bxh2 Be6 18. Nd5 Qf7 19. Be2 Rad8 20. Rd2 Rd7 21. Rhd1 Rfd8 22. Qb3 b6 23. Bf3 Ne7 24. Nxe7 Qxe7 25. Rxd7 Rxd7 26. Rxd7 Qxd7 27. h5 e4 28. Be2 g5 29. Qd1 Qf7 30. b3 Qf6 31. Qc2 Qa1+ 32. Kd2 Qxa3 33. Bxc7 Qb4+ 34. Kd1 b5 35. Kc1 a4 36. bxa4 bxa4 37. c5 a3 0-1


[Site "https://www.chess.com"]

[Event "Titled Tuesday Blitz November 29 Late 2022"]
[White "Han, Yichen"]
[Black "Lopez Mulet, Inigo"]
[WhiteFideId "1054430"]
[BlackFideId "22235620"]
[WhiteElo "2323"]
[BlackElo "2289"]
[Result "1-0"]
[Round "08"]
[TimeControl "180+1"]
[Date "2022.11.30"]
[WhiteClock "0:00:11"]
[BlackClock "0:00:20"]

1. d4 Nf6 2. c4 c5 3. d5 e5 4. Nc3 d6 5. e4 Be7 6. f4 exf4 7. Bxf4 Bg4 8. Nf3 Nh5 9. Be3 Nd7 10. Be2 O-O 11. Qd2 a6 12. O-O f5 13. Ng5 Bxg5 14. Bxg5 Qa5 15. exf5 Nhf6 16. Bxf6 Nxf6 17. Rae1 Rae8 18. a3 Re5 19. Bxg4 Nxg4 20. Qf4 Rxe1 21. Rxe1 Ne5 22. Rf1 Qb6 23. Qg5 Qxb2 24. f6 Rxf6 25. Rxf6 Qxc3 26. Rf1 h6 27. Qd8+ Kh7 28. Qxd6 Qd4+ 29. Kh1 Qxc4 30. Re1 Nd3 31. Rf1 Ne5 32. Rd1 Qe2 33. Rb1 c4 34. Qe6 Qd3 35. Re1 Ng4 36. Qe2 Qf5 37. d6 Nf6 38. Rf1 Qd5 39. Rd1 Qc6 40. Qc2+ Kg8 41. Qf5 Nd7 42. Qe6+ Kh7 43. Qf5+ Kg8 44. Re1 Nf6 45. Qe6+ Kh7 46. Rf1 Qd7 47. Qxd7 Nxd7 48. Rf7 Nc5 49. Rc7 Ne6 50. d7 b5 51. Rc8 a5 52. Kg1 Kg6 53. Kf2 Kf6 54. d8=Q+ Nxd8 55. Rxd8 Ke5 56. Rb8 b4 57. axb4 axb4 58. Rxb4 Kd4 59. Ke2 Kc5 60. Rb8 g5 61. Kd2 Kd4 62. Rd8+ Ke5 63. Kc3 Kf6 64. Kxc4 Kg6 65. Rd1 h5 66. Kd3 Kf5 67. Ke3 Kg4 68. Kf2 Kh4 69. Rd4+ g4 70. g3+ Kh3 71. Rd5 h4 72. Rh5 Kxh2 73. Rxh4# 1-0


[Site "https://www.chess.com"]

[Event "Titled Tuesday Blitz November 29 Late 2022"]
[White "Hardaway, Brewington"]
[Black "Espinosa, Pedro"]
[WhiteFideId "30941849"]
[BlackFideId "30921066"]
[WhiteElo "2159"]
[BlackElo "2016"]
[Result "1-0"]
[Round "08"]
[TimeControl "180+1"]
[Date "2022.11.30"]
[WhiteClock "0:00:17"]
[BlackClock "0:00:11"]

1. Nf3 d5 2. e3 Nf6 3. c4 c6 4. Nc3 g6 5. b3 Bg7 6. Bb2 O-O 7. d4 Bf5 8. Nh4 Bc8 9. Bd3 dxc4 10. bxc4 c5 11. Nf3 cxd4 12. exd4 Bg4 13. O-O Nc6 14. d5 Nd4 15. Be2 Nxe2+ 16. Qxe2 Rc8 17. Rfe1 Bxf3 18. gxf3 Qc7 19. Qxe7 Qxc4 20. d6 Nd5 21. Nxd5 Qxd5 22. Bxg7 Kxg7 23. Rad1 Qxf3 24. d7 Qg4+ 25. Kh1 Qf3+ 26. Kg1 Rcd8 27. Rd4 Qf6 28. Qe4 Qc6 29. Qe5+ Qf6 30. Qe3 Qf5 31. Red1 Qe6 32. Re4 Qf6 33. Qxa7 Qf3 34. Qd4+ Qf6 35. Qd3 h5 36. Rd4 Qg5+ 37. Kf1 Qe5 38. h3 Qh2 39. Qf3 Qe5 40. Qxb7 Qf5 41. Qb3 Qf6 42. Qc3 Kh7 43. Qd3 Qe6 44. Qc4 Qxh3+ 45. Kg1 Qf5 46. Qe2 Qg5+ 47. Kf1 Qf5 48. Rd5 Qf6 49. Qe3 Qh4 50. Qg3 Qh1+ 51. Ke2 Qe4+ 52. Qe3 Qc4+ 53. R1d3 Qxa2+ 54. Kf3 Qc4 55. Qe7 Qg4+ 56. Ke3 Qh3+ 57. Kd2 Qg2 58. Qf6 Qg4 59. Rg3 Qb4+ 60. Qc3 Qxc3+ 61. Rxc3 Kg7 62. Ke3 Kf6 63. Rc7 Ke7 64. Kd4 f5 65. Kc5 Rf6 66. Rc6 Rxc6+ 67. Kxc6 h4 68. Kc7 Ra8 69. d8=Q+ Rxd8 70. Rxd8 Kf6 71. Rh8 Kg5 72. Kd6 Kg4 73. Ke5 h3 74. Rh6 g5 75. Kd4 f4 76. Ke4 f3 77. Ke3 h2 78. Rxh2 Kf5 79. Kxf3 g4+ 80. Kg3 Kg5 81. Rh4 Kf5 82. Rxg4 Ke5 83. f4+ Kf5 84. Rg5+ Kf6 85. Kg4 Ke6 86. f5+ Kf6 87. Rg6+ Kf7 88. Kg5 Ke7 89. f6+ Kf8 90. Rh6 Kf7 91. Kf5 Kg8 92. Kg6 Kf8 93. Rh8# 1-0


[Site "https://www.chess.com"]

[Event "Titled Tuesday Blitz November 29 Late 2022"]
[White "Harish, Neeraj"]
[Black "Joubert, Dantelle"]
[WhiteFideId "30958130"]
[BlackFideId "14310813"]
[WhiteElo "1815"]
[BlackElo "1507"]
[Result "0-1"]
[Round "08"]
[TimeControl "180+1"]
[Date "2022.11.30"]
[WhiteClock "0:00:02"]
[BlackClock "0:00:13"]

1. e4 e5 2. Nf3 Nc6 3. Bc4 Bc5 4. O-O Nf6 5. d3 O-O 6. h3 a6 7. a4 d5 8. exd5 Nxd5 9. Nbd2 Bf5 10. Re1 f6 11. Ne4 Ba7 12. Nc3 Ne7 13. Nxd5 Nxd5 14. d4 e4 15. Nd2 Re8 16. c3 Kh8 17. Qh5 g6 18. Qd1 e3 19. Bxd5 exf2+ 20. Kxf2 Qxd5 21. Nf3 Be4 22. Bf4 c5 23. Be3 Rad8 24. dxc5 Qh5 25. Qe2 Bc6 26. Rad1 Rxd1 27. Qxd1 Bxc5 28. Bd4 Rxe1 29. Qxe1 Bxf3 0-1


[Site "https://www.chess.com"]

[Event "Titled Tuesday Blitz November 29 Late 2022"]
[White "Hoffmann, Asa"]
[Black "Salman, Pavel"]
[WhiteFideId "2001470"]
[BlackFideId "24153753"]
[WhiteElo "2117"]
[BlackElo "2187"]
[Result "0-1"]
[Round "08"]
[TimeControl "180+1"]
[Date "2022.11.30"]
[WhiteClock "0:01:35"]
[BlackClock "0:02:10"]

1. d4 Nf6 2. Bg5 d6 3. e3 Nbd7 4. Bd3 g6 5. f4 h6 6. Bh4 Bg7 7. Nf3 c5 8. c3 Qb6 9. Qb3 Qxb3 10. axb3 cxd4 11. exd4 Nd5 12. Bg3 N7f6 13. Bc4 Ne3 14. Kd2 Nxg2 15. Rg1 Bh3 16. Bb5+ Kf8 17. Bf1 Ne4+ 18. Kc2 Ne3+ 19. Kd3 Nxf1 20. Kxe4 Bf5+ 21. Kd5 Ne3# 0-1


[Site "https://www.chess.com"]

[Event "Titled Tuesday Blitz November 29 Late 2022"]
[White "Howell, David W L"]
[Black "Lewtak, Damian"]
[WhiteFideId "410608"]
[BlackFideId "1141724"]
[WhiteElo "2567"]
[BlackElo "2329"]
[Result "1-0"]
[Round "08"]
[TimeControl "180+1"]
[Date "2022.11.30"]
[WhiteClock "0:00:16"]
[BlackClock "0:00:22"]

1. e4 c5 2. c3 e6 3. d4 d5 4. exd5 exd5 5. Nf3 Nc6 6. Bb5 Nf6 7. O-O cxd4 8. Nxd4 Bd7 9. Re1+ Be7 10. Bxc6 bxc6 11. Qe2 c5 12. Nf3 h6 13. Ne5 Be6 14. Ng6 fxg6 15. Qxe6 Qd7 16. Qe2 Kf7 17. Nd2 Rhe8 18. Nf3 Bd6 19. Qf1 Rxe1 20. Qxe1 Re8 21. Qf1 g5 22. Be3 g4 23. Nd2 Qc7 24. g3 h5 25. Bg5 Ne4 26. Nxe4 dxe4 27. Rd1 Kg6 28. Be3 h4 29. Qe2 Kf5 30. Kf1 Re6 31. Qc4 h3 32. Rd5+ Re5 33. Rxe5+ Bxe5 34. Qxc5 Qxc5 35. Bxc5 a6 36. Ke2 Bf6 37. Bd4 Ke6 38. Ke3 1-0


[Site "https://www.chess.com"]

[Event "Titled Tuesday Blitz November 29 Late 2022"]
[White "Ibarra Jerez, Jose Carlos"]
[Black "Manelyuk, Daniil"]
[WhiteFideId "2226332"]
[BlackFideId "44173920"]
[WhiteElo "2638"]
[BlackElo "2209"]
[Result "1-0"]
[Round "08"]
[TimeControl "180+1"]
[Date "2022.11.30"]
[WhiteClock "0:00:25"]
[BlackClock "0:00:03"]

1. Nf3 c5 2. e4 Nc6 3. d4 cxd4 4. Nxd4 g6 5. Nc3 Bg7 6. Be3 Nf6 7. Bc4 O-O 8. Bb3 d6 9. f3 Bd7 10. h4 h5 11. Qd2 Rb8 12. O-O-O b5 13. Ndxb5 Qa5 14. Nd4 Nxd4 15. Bxd4 Rfc8 16. Kb1 Qb4 17. Bxf6 exf6 18. Qxd6 Qxd6 19. Rxd6 Be8 20. Nd5 Kf8 21. Nxf6 Ke7 22. e5 Bxf6 23. Rxf6 a5 24. Ra6 Rc5 25. Ra7+ Kf8 26. Re1 Rd8 27. Kc1 Rdc8 28. a4 Rb8 29. Kb1 Rd8 30. Kc1 Rb8 31. Re3 Rb4 32. e6 fxe6 33. Ra8 e5 34. Rd3 Ke7 35. Ra7+ Kf6 36. Rd6+ Kf5 37. Re7 Rxb3 38. Rxe8 Kf4 39. Rxg6 Rb4 40. Rf6+ Ke3 41. Rf5 Rxh4 42. Rfxe5+ Rxe5 43. Rxe5+ Kf2 44. Rg5 Rxa4 45. Rxh5 Ra1+ 46. Kd2 Kxg2 47. Rf5 Kg3 48. b3 a4 49. Ra5 a3 50. Kc3 Kxf3 51. b4 a2 52. Ra4 Ke4 53. Kb2 1-0


[Site "https://www.chess.com"]

[Event "Titled Tuesday Blitz November 29 Late 2022"]
[White "Janaszak, Dawid"]
[Black "Pruess, David"]
[WhiteFideId "1119206"]
[BlackFideId "2014254"]
[WhiteElo "2226"]
[BlackElo "2425"]
[Result "0-1"]
[Round "08"]
[TimeControl "180+1"]
[Date "2022.11.30"]
[WhiteClock "0:00:17"]
[BlackClock "0:00:03"]

1. d4 Nf6 2. Bf4 g6 3. Nf3 Bg7 4. c3 O-O 5. Nbd2 c5 6. dxc5 a5 7. e3 Na6 8. Bxa6 bxa6 9. O-O Bb7 10. Qa4 Bc6 11. Qa3 a4 12. Nd4 Qc8 13. Nc4 Nd5 14. Bg3 Bb5 15. Nxb5 axb5 16. Nb6 Nxb6 17. cxb6 d6 18. Qb4 Qc6 19. Rfd1 Qxb6 20. Rd5 Rab8 21. Rad1 Rfc8 22. Qh4 Bf6 23. Qh6 a3 24. bxa3 Rxc3 25. h4 Rbc8 26. h5 R8c5 27. hxg6 hxg6 28. R5d2 Rxa3 29. Qh3 Qa5 30. Bxd6 exd6 31. Rxd6 Be7 32. Rd7 Bf8 33. Rd8 Rac3 34. Rxf8+ Kxf8 35. Rd7 Rc1+ 36. Kh2 Rh5 0-1


[Site "https://www.chess.com"]